 Dungeon Crawl Stone Soup version 0.27-a0-1324-ge0d8e047f6 (webtiles) character file.

Game seed: 16915963315941465934

5051 freelancePsychic the Destroyer (level 10, -6/71 HPs)
             Began as a Demonspawn Conjurer on June 23, 2021.
             Was a Priest of Cheibriados.
             Killed by divine providence
             ... invoked by an orc priest
              (14 damage)
             ... on level 10 of the Dungeon.
             The game lasted 00:32:44 (14207 turns).

freelancePsychic the Destroyer (DsCj)              Turns: 14207, Time: 00:32:45

Health: -6/71      AC:  6    Str: 15    XL:     10   Next: 31%
Magic:  14/24      EV: 19    Int: 31    God:    Cheibriados [***...]
Gold:   434        SH: 12    Dex: 20    Spells: 1/14 levels left

rFire    . . .     SeeInvis .   a - +3 dagger (venom)
rCold    . . .     Faith    .   m - +1 buckler
rNeg     + . .     Spirit   .   A - +0 steam dragon scales
rPois    .         Reflect  +   (no helmet)
rElec    .         Harm     .   s - +0 cloak
rCorr    .         Rampage  .   (no gloves)
Will     .....                  (no boots)
Stlth    ++........             j - amulet of reflection
HPRegen  0.21/turn              i - ring of magical power
MPRegen  0.19/turn              e - ring of positive energy

@: agile, very slow
A: hooves 1, powered by pain 2
a: Renounce Religion, Bend Time, Temporal Distortion


You were on level 10 of the Dungeon.
You worshipped Cheibriados.
Cheibriados was most pleased with you.
You visited 2 branches of the dungeon, and saw 11 of its levels.
You also visited: Ossuary.

You collected 434 gold pieces.

Inventory:

Hand Weapons
 a - a +3 dagger of venom (weapon)
Armour
 m - a +1 buckler (worn)
 s - a +0 cloak (worn)
 A - +0 steam dragon scales (worn)
Jewellery
 e - a ring of positive energy (right hand)
 h - a ring of poison resistance
 i - a ring of magical power (left hand)
 j - an amulet of reflection (around neck)
 o - a ring of fire
Wands
 d - a wand of polymorph (5)
 B - a wand of flame (10)
Scrolls
 f - 5 scrolls of teleportation {@r4}
 l - a scroll of brand weapon
 q - 2 scrolls of enchant armour
 t - 2 scrolls of vulnerability
 x - a scroll of fog
 y - 5 scrolls of identify {@r1}
 z - a scroll of blinking
Potions
 b - 3 potions of ambrosia
 c - a potion of resistance {unknown}
 g - 2 potions of curing {@q1}
 n - 2 potions of heal wounds {@q2}
 p - 2 potions of attraction {unknown}
 r - 2 potions of lignification {unknown}
 u - 3 potions of flight {unknown}
 v - a potion of mutation {unknown}
 w - 2 potions of might {unknown}
 C - a potion of cancellation {unknown}


   Skills:
 + Level 4.1 Fighting
 - Level 1.9 Armour
 + Level 4.3 Dodging
 - Level 1.7 Stealth
 - Level 4.0 Shields
 - Level 2.8 Spellcasting
 - Level 8.6 Conjurations
 - Level 0.8 Hexes
 - Level 7.7 Fire Magic
 - Level 7.3 Invocations


You had one spell level left.
You knew the following spells:

 Your Spells              Type           Power      Damage    Failure   Level
a - Foxfire               Conj/Fire      100%       2x1d9     1%          1
b - Searing Ray           Conj           100%       3d7       1%          2
c - Magic Dart            Conj           100%       1d8       1%          1
d - Sticky Flame          Conj/Fire      53%        2d7       2%          4
e - Fireball              Conj/Fire      26%        3d12      7%          5

Your spell library contained the following spells:

 Spells                   Type           Power      Damage    Failure   Level
 Corona                   Hex            10%        N/A       4%          1
 Animate Skeleton         Necr           8%         N/A       7%          1
 Apportation              Tloc           8%         N/A       7%          1
 Freeze                   Ice            16%        1d4       7%          1
 Pain                     Necr           16%        1d4       7%          1
 Summon Small Mammal      Summ           16%        N/A       7%          1
 Conjure Flame            Conj/Fire      53%        6-21      1%          3
 Dazzling Flash           Conj/Hex       66%        N/A       3%          3
 Inner Flame              Hex/Fire       30%        N/A       3%          3
 Mephitic Cloud           Conj/Pois/Air  22%        N/A       6%          3
 Ignite Poison            Fire/Tmut/Pois 20%        N/A       7%          3
 Slow                     Hex            9%         N/A       8%          2
 Ensorcelled Hibernation  Hex/Ice        12%        N/A       9%          2
 Fulminant Prism          Conj/Hex       16%        3d11      10%         4
 Blink                    Tloc           N/A        N/A       11%         2
 Call Imp                 Summ           4%         N/A       11%         2
 Iskenderun's Mystic Bla  Conj/Tloc      31%        2d8       12%         4
 Confusing Touch          Hex            9%         N/A       14%         3
 Tukima's Dance           Hex            9%         N/A       14%         3
 Starburst                Conj/Fire      26%        8x6d8     36%         6
 Agony                    Necr           4%         N/A       88%         5
 Summon Forest            Summ/Tloc      2%         N/A       88%         5
 Malign Gateway           Summ/Tloc      2%         N/A       100%        7
 Ignition                 Fire           25%        3d9       100%        8


Dungeon Overview and Level Annotations

Branches:
Dungeon (10/15)            Temple (1/1) D:4            Lair (0/6) D:8
Ossuary (visited)
    Orc: D:9-12

Altars:
Ashenzari
Cheibriados
Dithmenos
Elyvilon
Fedhas
Gozag
Hepliaklqana
Kikubaaqudgha
Makhleb
Nemelex Xobeh
Okawaru
Qazlal
Ru
Sif Muna
Trog
Uskayaw
Vehumet
Wu Jian
Xom
Yredelemnul
Zin
The Shining One

Shops:
D:1 (   D:2 *

Annotations:
D:3 Grinder
D:7 1 runed translucent door, Harold, Maggie


Innate Abilities, Weirdness & Mutations

You have large cloven feet.
You sometimes gain power by taking damage.


Message History

The warg bites you.
You closely miss the warg. You kick the warg, but do no damage.
The warg is almost dead.
You block the warg's attack. You block the warg's attack.
The orc warrior jeers repeatedly.
The warg bites you but does no damage. You block the warg's attack.
You block the warg's attack. You block the warg's attack.
You closely miss the warg. Your kick misses the warg.
The warg is almost dead.
You block the warg's attack.
Casting: Fireball (dangerous; 7% risk of failure)
Confirm with . or Enter, or press ? or * to list all spells.
Aiming: Fireball (dangerous; 7% risk of failure)
Press: ? - help, Shift-Dir - straight line
Okay, then.
The warg bites you. You block the hobgoblin's attack. The warg bites you!
The warg bites you but does no damage. You block the hobgoblin's attack.
You block the warg's attack. The orc barely misses you. The warg bites you!
The hobgoblin closely misses you. The warg closely misses you.
The orc suddenly grunts.
The orc closely misses you. You block the warg's attack.
The hobgoblin hits you. The warg bites you! The warg bites you!
* * * LOW HITPOINT WARNING * * *
You block the hobgoblin's attack. The warg bites you!
* * * LOW HITPOINT WARNING * * *
You focus on the pain.
You feel agile all of a sudden.
Blink to where?
Press: ? - help, Dir - move target
As you read the scroll of blinking, it crumbles to dust.
The orc priest calls down the wrath of Beogh upon you.
Beogh smites you!
You die...

.....# # #.....
.....# .#.....#
.o...# #.....#
oo...# ### ###....#
##o#####.####.....#
##o###..........#
#og##.....o...##
##.#..o..o.oo..#
#......o..gh.@#
##........o....#
##.............#
#.............#
#...........>..#
#.............##
##............#
...........##


You could see a warg, an orc warrior, an orc priest, 4 orcs and a hobgoblin.

Vanquished Creatures
  Prince Ribbit (D:6)
  A hornet (D:7)
  8 yaks
  2 steam dragons
  2 vampire mosquitoes
  Menkaure (D:7)
  2 water moccasins
  An ogre (D:5)
  2 orc warriors
  2 ice beasts (D:9)
  A sky beast (D:8)
  2 black bears
  A necrophage (D:4)
  2 centaurs
  2 bullfrogs
  3 scorpions
  3 killer bees
  A howler monkey (D:9)
  A bullfrog zombie (D:6)
  4 centaur zombies
  2 jellies
  A hound (D:5)
  3 bullfrog skeletons
  4 orc priests
  Crazy Yiuf (D:6)
  A centaur skeleton (D:7)
  Ijyb (D:5)
  3 iguanas
  12 orc wizards
  2 centaur simulacra (D:9)
  2 howler monkey zombies
  5 mummies (Ossuary)
  5 adders
  A shadow imp (D:6)
  2 white imps (D:9)
  An ufetubus (D:9)
  An adder skeleton (D:2)
  A worm (D:2)
  3 dart slugs
  23 orcs
  7 bats
  7 endoplasms
  4 giant cockroaches
  A gnoll zombie (Ossuary)
  7 goblins
  5 hobgoblins
  3 jackals (D:1)
  4 quokkas
  6 ball pythons
  A frilled lizard (D:1)
  2 goblin zombies (Ossuary)
  A hobgoblin zombie (Ossuary)
  17 kobolds
  2 kobold zombies (Ossuary)
  An orc zombie (Ossuary)
  6 rats
190 creatures vanquished.

Vanquished Creatures (others)
  330 foxfires
  6 fungi
  3 plants (D:3)
339 creatures vanquished.

Grand Total: 529 creatures vanquished

Notes
Turn   | Place    | Note
-------+----------+-------------------------------------------
     0 | D:1      | freelancePsychic the Demonspawn Conjurer began the quest
                  | for the Orb.
     0 | D:1      | Reached XP level 1. HP: 13/13 MP: 3/3
   335 | D:1      | Gained mutation: You have large cloven feet. [demonic
                  | ancestry]
   335 | D:1      | Reached XP level 2. HP: 19/19 MP: 1/5
   420 | D:1      | Found Yjepn's Antique Weapon Shop.
   499 | D:1      | Learned a level 2 spell: Searing Ray
   818 | D:1      | Gained mutation: You sometimes gain a little power by
                  | taking damage. [demonic ancestry]
   818 | D:1      | Reached XP level 3. HP: 22/24 MP: 2/7
  1922 | D:2      | Found Detoero's General Store.
  2616 | D:3      | Reached XP level 4. HP: 30/30 MP: 6/8
  2728 | D:3      | Learned a level 1 spell: Foxfire
  3006 | D:3      | Reached skill level 5 in Conjurations
  3006 | D:3      | Reached skill level 1 in Fire Magic
  3201 | D:3      | Noticed Grinder
  4506 | D:4      | Reached XP level 5. HP: 35/35 MP: 4/9
  4627 | D:4      | Reached skill level 1 in Fighting
  4804 | D:4      | Noticed a necrophage
  4809 | D:4      | Killed a necrophage
  4810 | D:4      | Reached XP level 6. HP: 44/44 MP: 5/10
  4896 | D:4      | Found a staircase to the Ecumenical Temple.
  4906 | Temple   | Entered the Ecumenical Temple
  5227 | Temple   | Became a worshipper of Cheibriados the Contemplative
  5428 | D:4      | Reached skill level 6 in Conjurations
  5744 | D:5      | Entered Level 5 of the Dungeon
  5764 | D:5      | Reached skill level 1 in Invocations
  5819 | D:5      | Noticed Ijyb
  5829 | D:5      | Noticed a water moccasin
  5946 | D:5      | Reached XP level 7. HP: 50/50 MP: 3/11
  5951 | D:5      | Killed Ijyb
  6117 | D:5      | Learned a level 4 spell: Sticky Flame
  6136 | D:5      | Reached * piety under Cheibriados
  6655 | D:6      | Reached skill level 7 in Conjurations
  6747 | D:6      | Noticed Prince Ribbit
  6768 | D:6      | Reached XP level 8. HP: 51/56 MP: 7/12
  6839 | D:6      | Killed Prince Ribbit
  7151 | D:5      | Reached skill level 5 in Fire Magic
  7637 | D:5      | Identified Sif Muna's Handbook of Distant Worlds
  7689 | D:5      | Identified Cenivies's Almanac of Ghastly Companions
  8809 | D:6      | Reached skill level 8 in Conjurations
  9165 | D:6      | Found a runed translucent door.
  9166 | D:6      | Noticed Crazy Yiuf
  9172 | D:6      | Killed Crazy Yiuf
  9257 | D:7      | Found a runed translucent door.
  9257 | D:7      | Noticed a sixfirhy
  9264 | D:7      | Noticed Menkaure
  9270 | D:7      | Killed Menkaure
  9271 | D:7      | Found a sand-covered staircase.
  9277 | Ossuary  | Entered an ossuary
  9536 | Ossuary  | Reached ** piety under Cheibriados
  9614 | Ossuary  | Reached XP level 9. HP: 63/63 MP: 13/13
  9884 | D:7      | Noticed Harold
  9900 | D:7      | Paralysed by a hornet for 2 turns
  9903 | D:7      | Paralysed by a hornet for 1 turns
 10687 | D:7      | Noticed Maggie
 11366 | D:6      | Learned a level 5 spell: Fireball
 11638 | D:8      | Reached skill level 1 in Armour
 11818 | D:8      | Found a staircase to the Lair.
 11951 | D:9      | Reached skill level 1 in Shields
 12650 | D:8      | Reached *** piety under Cheibriados
 12780 | D:7      | Gained mutation: You sometimes gain power by taking damage.
                  | [demonic ancestry]
 12780 | D:7      | Reached XP level 10. HP: 49/71 MP: 14/14
 13092 | D:9      | Reached skill level 5 in Invocations
 13835 | D:9      | Found an opulent altar of Gozag.
 14046 | D:10     | Entered Level 10 of the Dungeon
 14207 | D:10     | Killed from afar by an orc priest

Illustrated notes

Levels and vault maps discovered:
D:1:      dpeg_arrival_solitude, layout_basic, serial_shops,
          nicolae_shop_window_shopping, minivault_25
D:2:      layout_basic, serial_shops, shop_statue
D:3:      corexii_shack_village, layout_basic,
          shapermc_ecumenical_altar_mp_urbaneastern, roderic_serpentine_path,
          uniq_grinder
D:4:      layout_cave_pools, minmay_temple_entry_large_hall,
          minmay_a_box_with_orc_wizards_in_it
D:5:      layout_rooms, minmay_circle_x, uniq_ijyb
D:6:      layout_cave_pods, minmay_stone_trees_small, uniq_prince_ribbit1,
          uniq_crazy_yiuf_cottage
D:7:      cheibrodos_shockbox, layout_loops_ring, enter_ossuary_3,
          uniq_menkaure, uniq_harold, uniq_maggie
D:8:      layout_loops_cross, lair_entry_dummy
D:9:      kennysheep_steamy, layout_small_grid, kennysheep_mini_moat,
          serial_ice, serial_ice_f, serial_ice_b, serial_ice_h, serial_ice_m
D:10:     minmay_clustersquares, layout_cave_pods, erik_orc_4
Temple:   regret_index_temple_sigil_plot

Skill      XL: |  1  2  3  4  5  6  7  8  9 10 |
---------------+-------------------------------+-----
Conjurations   | 5 6 7 8 |  8.6
Fire Magic     | 2 3 4 5 7 |  7.7
Fighting       | 1 2 3 4 |  4.1
Invocations    | 2 3 7 |  7.3
Dodging        | 2 4 |  4.3
Armour         | 1 |  1.9
Shields        | 3 4 |  4.0
Stealth        | |  1.7
Spellcasting   | |  2.8
Hexes          | |  0.8

Action                   |  1- 3 |  4- 6 |  7- 9 | 10-12 || total
-------------------------+-------+-------+-------+-------++-------
Melee: Spear             |    24 |       |       |       ||    24
       Dagger            |    13 |    17 |   170 |    42 ||   242
       Kick              |     3 |     2 |    62 |    17 ||    84
 Cast: Magic Dart        |    40 |    11 |       |       ||    51
       Searing Ray       |    12 |     4 |       |       ||    16
       Foxfire           |       |   120 |    57 |    16 ||   193
       Sticky Flame      |       |       |    40 |     9 ||    49
       Fireball          |       |       |       |     7 ||     7
Invok: Bend Time         |       |       |     1 |       ||     1
  Use: Scroll            |     1 |     6 |    12 |     1 ||    20
       Potion            |       |     1 |     3 |       ||     4
 Stab: Sleeping          |     1 |     2 |     3 |       ||     6
       Distracted        |       |       |     1 |       ||     1
Armor: Robe              |    13 |     3 |    27 |       ||    43
       Ring mail         |       |       |    11 |       ||    11
       Steam dragon scal |       |       |    10 |    10 ||    20
Dodge: Dodged            |    20 |    13 |   158 |    34 ||   225
Block: Other             |       |     4 |    52 |     6 ||    62
       Reflection        |       |     1 |     2 |     1 ||     4
       Buckler           |       |       |       |    32 ||    32

Table legend: (Time is in decaauts)
 A = Elapsed time spent in this place.
 B = Non-inter-level travel time spent in this place.
 C = Inter-level travel time spent in this place.
 D = Time resting spent in this place.
 E = Time spent auto-exploring this place.
 F = Levels seen in this place.
 G = Mean time per level.
                   A        B        C        D        E       F      G
               +--------+--------+--------+--------+--------+-----+--------+
         Total |  16120 |  15302 |    818 |   1807 |  11580 |  12 | 1343.3 |
       Dungeon |  15112 |  14352 |    760 |   1807 |  10809 |  10 | 1511.2 |
        Temple |    353 |    296 |     57 |      0 |    294 |   1 |  353.0 |
       Ossuary |    654 |    654 |      0 |      0 |    476 |   1 |  654.0 |
               +--------+--------+--------+--------+--------+-----+--------+

Top non-repeatable levels by time:
     D:7: 2335 daAuts
     D:5: 2227 daAuts
     D:6: 1820 daAuts
     D:3: 1814 daAuts
     D:9: 1625 daAuts
     D:1: 1390 daAuts
     D:8: 1377 daAuts
     D:2: 1296 daAuts
     D:4: 1036 daAuts
 Ossuary: 654 daAuts
  Temple: 353 daAuts
    D:10: 188 daAuts
